 Dungeon Crawl Stone Soup version 0.31.0-11-ge490571c62 (webtiles) character file.

Game seed: 17925818717291965639

4 monsoonserge the Charlatan (level 1, 0/9 HPs)
             Began as a Spriggan Artificer on Feb 3, 2024.
             Slain by a goblin
             ... wielding a +0 dagger
              (2 damage)
             ... on level 1 of the Dungeon.
             The game lasted 00:00:52 (120 turns).

monsoonserge the Charlatan (Spriggan Artificer)      Turns: 120, Time: 00:00:53

Health: 0/9        AC:  2    Str:  8    XL:     1   Next: 50%
Magic:  2/2        EV: 18    Int: 12    God:
Gold:   7          SH:  0    Dex: 15    Spells: 0/0 levels left

rFire   . . .        f - +0 dagger
rCold   . . .        (no shield)
rNeg    . . .        b - +0 robe
rPois   .            (helmet restricted)
rElec   .            (no cloak)
rCorr   .            (gloves unavailable)
SInv    +            (boots unavailable)
Will    .....        (no amulet)
Stlth   ++           (no ring)
HPRegen 0.21/turn    (no ring)
MPRegen 0.08/turn

%: no passive effects
@: very quick
A: very small, no large weapons, unfitting armour, see invisible, speed 3
a: no special abilities


You were on level 1 of the Dungeon.
You visited 1 branch of the dungeon, and saw 1 of its levels.

You collected 7 gold pieces.

Inventory:

Hand Weapons
 f - a +0 dagger (weapon)
Armour
 b - a +0 robe (worn)
Wands
 c - a wand of flame (15) (quivered)
 d - a wand of charming (15)
 e - a wand of iceblast (5)
Scrolls
 a - a scroll of teleportation {unknown}


   Skills:
 + Level 0.7 Fighting
 + Level 3.7 Dodging
 + Level 1.5 Stealth
 - Level 4.0 Evocations


You couldn't memorise any spells.
You didn't know any spells.
Your spell library was empty.

Dungeon Overview and Level Annotations

Branches:
Dungeon (1/15)

Altars:


Innate Abilities, Weirdness & Mutations

You are very small and have problems with some larger weapons.
You are too small for most types of armour.
You have supernaturally acute eyesight. (SInv)
You cover ground extremely quickly. (Speed+++)


Message History

HP restored.
A hobgoblin comes into view.
A giant cockroach comes into view.
The hobgoblin shouts!
The hobgoblin barely misses you.
You hit the hobgoblin.
The hobgoblin is moderately wounded.
The hobgoblin completely misses you.
You hit the hobgoblin but do no damage. The hobgoblin misses you.
You hit the hobgoblin but do no damage. The hobgoblin misses you.
You closely miss the hobgoblin. The hobgoblin misses you.
You hit the hobgoblin but do no damage. The hobgoblin closely misses you.
You closely miss the hobgoblin. The hobgoblin hits you.
You hit the hobgoblin but do no damage. The hobgoblin barely misses you.
You hit the hobgoblin but do no damage. The hobgoblin hits you.
You closely miss the hobgoblin. The hobgoblin misses you.
You closely miss the hobgoblin. The hobgoblin closely misses you.
You hit the hobgoblin.
The hobgoblin is severely wounded.
The hobgoblin hits you.
* * * LOW HITPOINT WARNING * * *
Unknown command.
Found a scroll labelled QONTISSIEKK.
Found a stone staircase leading down.
A kobold comes into view. It is wielding a +0 short sword.
Found a scroll labelled OTOGHO DUENT.
A goblin comes into view. It is wielding a +0 dagger.
The goblin shouts!
A goblin comes into view. It is wielding a +0 club.
The goblin shouts!
You see here a scroll labelled OTOGHO DUENT.
a - a scroll labelled OTOGHO DUENT You completely miss the goblin.
The goblin hits you with a +0 dagger.
You miss the goblin. The goblin hits you with a +0 dagger.
* * * LOW HITPOINT WARNING * * *
Press: ? - help, v - describe, . - travel
Here: a goblin, wielding a +0 dagger The floor.
You completely miss the goblin. The goblin hits you with a +0 dagger.
You die...

#######
##########.....#
.....g.@g..###.#
#########..# #.#
#..# #.# #..#
#.# ...#
#.#########
##.##
#.......... #.#
#.......... #.#
#.##.##.###
###.##.##....


You could see 2 goblins.

Vanquished Creatures
  A bat (D:1)
  A giant cockroach (D:1)
  A kobold (D:1)
3 creatures vanquished.

Notes
Turn   | Place    | Note
-------+----------+-------------------------------------------
     0 | D:1      | monsoonserge the Spriggan Artificer began the quest for the
                  | Orb.
     0 | D:1      | Reached XP level 1. HP: 9/9 MP: 2/2
   120 | D:1      | Slain by a goblin

Illustrated notes

Levels and vault maps discovered:
D:1:      amcnicky_arrival_choice, layout_loops_ring

Action                     || total
---------------------------++-------
  Melee: Club              ||    14
         Dagger            ||    14
 Armour: Robe              ||    12
  Dodge: Dodged            ||    23
